AoeStats
← L.U.C.4

Nomad

509604097Analyzed
4v4 RM · 5d ago on Sep 27, 2026· 64m 51s· 8 players
Game mode
Random Map
Map size
231×231
Population
200
Speed
Normal
Resources
Standard
Victory
Conquest
Starting age
Dark Age
Ending age
Imperial Age
RankedLock teamsTeams togetherTeam positionsShared explorationLock speedFull tech treeHidden civsTurbo modeCheats
Victory
Defeat
🇹🇼 Chinese · Taiwan
1005
+15
🇮🇳 Huns · India
1002
+15
🇷🇴 Tatars · Romania
971
+16
🇹🇷 Teutons · Türkiye
971
+16
1043
-17
🇨🇿 Saracens · Czechia
1041
-18
🇨🇳 Varangians · China
936
-14
🇨🇳 Goths · China
905
-13
sonsehzadee
5:45 Loom
17:25 Feudal Age
19:54 Horse Collar
23:03 Castle Age
21:56 Gold Mining
22:26 Stone Mining
22:26 Double-Bit Axe
25:23 Stone Shaft Mining
26:47 Wheelbarrow
26:25 Pikeman
37:02 Heavy Plow
37:31 Hand Cart
43:30 Imperial Age
44:40 Conscription
43:44 Capped Ram
45:10 Elite Teutonic Knight
47:08 Crop Rotation
46:53 Scale Mail Armor
L.U.C.4
11:56 Loom
15:19 Feudal Age
17:33 Double-Bit Axe
21:43 Fishing Lines
23:44 Fletching
28:04 Castle Age
27:00 Horse Collar
27:16 Gold Mining
27:17 Stone Mining
27:30 Padded Archer Armor
28:39 Scale Barding Armor
28:59 Crossbowman
29:56 Forging
29:44 Gillnets
31:56 Bow Saw
33:07 Leather Archer Armor
34:05 Medium Warships
36:50 Wheelbarrow
40:39 Hand Cart
44:07 Town Watch
49:14 Town Patrol
49:34 Husbandry
53:41 Bloodlines
54:08 Iron Casting
53:54 Chain Barding Armor
54:55 Gold Shaft Mining
54:31 Heavy Plow
55:08 Bodkin Arrow
56:15 Silk Armor
57:35 Scale Mail Armor
57:04 Light Cavalry
61:31 Ballistics
61:07 Murder Holes
64:50 Imperial Age
jeffhou47
17:00 Feudal Age
17:09 Man-at-Arms
18:19 Double-Bit Axe
23:24 Horse Collar
28:01 Castle Age
31:34 Bow Saw
31:40 Fishing Lines
32:40 Fletching
32:51 Padded Archer Armor
35:01 Fortified Wall
35:42 Pikeman
36:23 Squires
38:20 Heavy Plow
38:31 Gillnets
38:33 Demolition Ship
39:04 Crossbowman
42:25 Imperial Age
42:34 Imperial Age
41:21 Ballistics
40:29 Elite Skirmisher
41:43 Scale Mail Armor
42:36 Medium Warships
42:51 Arbalester
43:37 Thumb Ring
43:25 Heavy Rocket Cart
45:29 Chemistry
44:25 Murder Holes
45:44 Leather Archer Armor
45:25 Bodkin Arrow
49:30 Ring Archer Armor
49:00 Bracer
快乐的小跑
7:09 Loom
15:30 Feudal Age
19:55 Castle Age
17:56 Fishing Lines
19:50 Loom
20:15 Stone Mining
22:38 Forging
22:34 Scale Barding Armor
23:59 Iron Casting
23:54 Husbandry
25:56 Gillnets
32:12 Chain Barding Armor
32:20 Town Watch
34:22 Bloodlines
44:54 Fletching
53:08 Imperial Age
51:15 Wheelbarrow
50:40 Town Patrol
55:56 Elite Tarkan
59:28 Plate Barding Armor
59:53 Blast Furnace
65:29 Chemistry
64:41 Masonry
64:48 Bodkin Arrow
myMZ
15:05 Feudal Age
18:39 Castle Age
18:22 Double-Bit Axe
18:23 Horse Collar
20:50 Bow Saw
28:17 Loom
40:40 Gold Mining
41:16 Stone Mining
42:35 Bloodlines
53:29 Stone Shaft Mining
54:45 Scale Barding Armor
55:25 Heavy Plow
Teror
16:38 Feudal Age
17:32 Double-Bit Axe
17:39 Gold Mining
20:02 Horse Collar
23:34 Castle Age
21:55 Padded Archer Armor
23:16 Fletching
23:59 Crossbowman
25:19 Leather Archer Armor
25:22 Bodkin Arrow
26:40 Ballistics
29:13 Thumb Ring
29:49 Wheelbarrow
29:09 Stone Mining
30:42 Murder Holes
31:33 Pikeman
32:13 Squires
35:02 Scale Mail Armor
434529096
3:15 Loom
13:25 Feudal Age
14:13 Double-Bit Axe
19:12 Castle Age
21:03 Bow Saw
22:20 Horse Collar
24:39 Wheelbarrow
23:50 Town Watch
24:23 Stone Mining
24:35 Heavy Plow
25:43 Gold Mining
27:33 Hand Cart
29:53 Scale Mail Armor
30:03 Forging
35:27 Fletching
35:52 Chain Mail Armor
36:13 Iron Casting
39:27 Imperial Age
37:25 Squires
38:21 Bodkin Arrow
38:29 Anarchy
41:17 Blast Furnace
40:20 Perfusion
39:45 Elite Huskarl
40:46 Conscription
42:37 Two-Man Saw
42:16 Crop Rotation
43:21 Murder Holes
43:38 Masonry
44:08 Town Patrol
48:15 Pikeman
49:10 Bracer
59:42 Architecture
My credit card number: 465687642
15:17 Feudal Age
16:12 Double-Bit Axe
16:12 Man-at-Arms
22:23 Castle Age
21:15 Stone Mining
21:18 Gold Mining
22:13 Forging
23:32 Bow Saw
23:05 Horse Collar
24:40 Stone Mining
28:15 Wheelbarrow
29:12 Scale Barding Armor
29:49 Szlachta Privileges
30:01 Town Watch
32:03 Stone Shaft Mining
32:14 Iron Casting
32:02 Chain Barding Armor
31:57 Bloodlines
33:17 Husbandry
36:30 Hand Cart
39:47 Long Swordsman
42:59 Scale Mail Armor
45:06 Heavy Plow
48:40 Imperial Age
48:44 Cavalier
50:19 Town Patrol
Connection lost

Rejoining the realm…

Still unreachable

The connection could not be restored.

Session expired

The server has moved on; the page needs a fresh start.